 Dungeon Crawl Stone Soup version 0.31-a0-1-g4198be8af4 (webtiles) character file.

Game seed: 8600183576266475379

12 DiggyJ the Ruffian (level 2, 0/26 HPs)
             Began as a Ghoul Monk on May 2, 2023.
             Slain by a rat (2 damage)
             ... on level 1 of the Dungeon.
             The game lasted 00:01:14 (317 turns).

DiggyJ the Ruffian (Ghoul Monk)                      Turns: 317, Time: 00:01:15

Health: 0/26       AC:  2    Str: 14    XL:     2   Next: 33%
Magic:  1/1        EV: 12    Int:  5    God:
Gold:   15         SH:  0    Dex: 11    Spells: 1/1 levels left

rFire   . . .        f - staff of poison
rCold   + . .        (no shield)
rNeg    + + +        a - +0 robe
rPois   ∞            (no helmet)
rElec   .            (no cloak)
rCorr   .            (no gloves)
SInv    .            (no boots)
Will    .....        e - amulet of faith
Stlth   +            (no ring)
HPRegen 0.00/turn    (no ring)
MPRegen 0.07/turn

%: faith
@: inhibited regen
A: claws 1, cold resistance 1, negative energy resistance 3, inhibited
regeneration, torment resistance 2, devour on kill
a: no special abilities


You were on level 1 of the Dungeon.
You visited 1 branch of the dungeon, and saw 1 of its levels.

You collected 15 gold pieces.

Inventory:

Armour
 a - a +0 robe (worn)
 c - an orb of light
Magical Staves
 f - a staff of poison (weapon)
Jewellery
 e - an amulet of faith (around neck)
Scrolls
 d - 3 scrolls of identify {unknown}
Potions
 b - a potion of ambrosia


   Skills:
 + Level 3.5 Fighting
 + Level 0.1 Staves
 + Level 2.8 Dodging
 + Level 3.6 Unarmed Combat


You had one spell level left.
You didn't know any spells.
Your spell library was empty.

Dungeon Overview and Level Annotations

Branches:
Dungeon (1/15)

Altars:


Innate Abilities, Weirdness & Mutations

You are immune to poison.
You have sharp fingernails.
Your flesh is cold resistant. (rC+)
You are immune to negative energy. (rN+++)
You do not regenerate when monsters are visible.
You are immune to unholy pain and torment.
You thrive by killing the living.


Message History

You are too injured to fight recklessly!
You are too injured to fight recklessly!
You are too injured to fight recklessly!
You are too injured to fight recklessly!
You are too injured to fight recklessly!
You are too injured to fight recklessly!
You are too injured to fight recklessly!
You are too injured to fight recklessly!
You are too injured to fight recklessly!
You are too injured to fight recklessly!
You are too injured to fight recklessly!
You are too injured to fight recklessly!
You completely miss the hobgoblin.
The hobgoblin is moderately wounded.
The hobgoblin hits you. The rat barely misses you. x2
The hobgoblin barely misses you.
You barely miss the hobgoblin.
The hobgoblin is moderately wounded.
The rat misses you. The hobgoblin barely misses you.
You hit the hobgoblin but do no damage.
The hobgoblin is moderately wounded.
The hobgoblin hits you.
* * * LOW HITPOINT WARNING * * *
The rat bites you but does no damage.
You hit the hobgoblin but do no damage.
The hobgoblin is moderately wounded.
The rat bites you.
* * * LOW HITPOINT WARNING * * *
The hobgoblin hits you.
* * * LOW HITPOINT WARNING * * *
You hit the hobgoblin.
You kill the hobgoblin!
You feel better. The rat barely misses you.
Found a notched ruby ring.
The rat closely misses you.
You see here a hobgoblin corpse.
You barely miss the rat. The rat bites you.
* * * LOW HITPOINT WARNING * * *
The rat barely misses you.
You barely miss the rat. The rat bites you.
You die...

.....# ####.#
.|...###+#######
.....##........#
.....##........########
.†...##........#......#
.........†.......>#
########.#######..# .
...# #@r#
################..#
...............#..#
##############.#..#
..#.#..# #.#.#..#
#######'#.#..#
#.........#=.# .#
#.........#


You could see a rat.

Vanquished Creatures
  A ball python (D:1)
  2 endoplasms (D:1)
  A giant cockroach (D:1)
  2 hobgoblins (D:1)
  2 kobolds (D:1)
  A frilled lizard (D:1)
  2 rats (D:1)
11 creatures vanquished.

Notes
Turn   | Place    | Note
-------+----------+-------------------------------------------
     0 | D:1      | DiggyJ the Ghoul Monk began the quest for the Orb.
     0 | D:1      | Reached XP level 1. HP: 19/19 MP: 0/0
   199 | D:1      | Reached XP level 2. HP: 15/26 MP: 1/1
   317 | D:1      | Slain by a rat

Illustrated notes

Levels and vault maps discovered:
D:1:      spicycebolla_green_bress_n_ham, layout_basic

Action                     || total
---------------------------++-------
  Melee: Staff             ||    41
         Unarmed           ||     8
         Punch             ||     2
   Stab: Sleeping          ||     1
 Armour: Robe              ||    14
  Dodge: Dodged            ||    35

Table legend: (Time is in decaauts)
 A = Elapsed time spent in this place.
 B = Non-inter-level travel time spent in this place.
 C = Inter-level travel time spent in this place.
 D = Time resting spent in this place.
 E = Time spent auto-exploring this place.
 F = Levels seen in this place.
 G = Mean time per level.
                   A        B        C        D        E       F      G
               +--------+--------+--------+--------+--------+-----+--------+
         Total |    324 |    324 |      0 |      0 |    214 |   1 |  324.0 |
       Dungeon |    324 |    324 |      0 |      0 |    214 |   1 |  324.0 |
               +--------+--------+--------+--------+--------+-----+--------+

Top non-repeatable levels by time:
     D:1: 324 daAuts
